 Dungeon Crawl Stone Soup version 0.29-a0-378-gc08b2e8bf8 (webtiles) character file.

Game seed: 11198491546220514859

153 Antichthon the Covered (level 5, -1/49 HPs)
             Began as a Deep Dwarf Fighter on May 4, 2022.
             Slain by a gnoll
             ... wielding a +0 flail
              (7 damage)
             ... on level 4 of the Dungeon.
             The game lasted 00:04:07 (2307 turns).

Antichthon the Covered (Deep Dwarf Fighter)         Turns: 2307, Time: 00:04:07

Health: -1/49      AC:  9    Str: 23    XL:     5   Next: 12%
Magic:  6/6        EV:  4    Int: 11    God:
Gold:   164        SH:  0    Dex: 12    Spells: 5/5 levels left

rFire   + + .      SeeInvis .   a - +0 war axe
rCold   . . .      Faith    .   c - +1 buckler
rNeg    . . .      Spirit   .   f - +0 chain mail
rPois   +          Reflect  .   (no helmet)
rElec   .          Harm     .   (no cloak)
rCorr   .          Rampage  .   (no gloves)
Will    .....                   (no boots)
Stlth   ..........              (no amulet)
HPRegen 0.00/turn               g - ring of Ynoufy {Wiz rF++ Str+4}
MPRegen 0.10/turn               i - ring of poison resistance

@: held
A: damage resistance, heal wounds, sense surroundings 1, no regeneration
a: Heal Wounds


You were on level 4 of the Dungeon.
You visited 2 branches of the dungeon, and saw 5 of its levels.

You collected 164 gold pieces.

Inventory:

Hand Weapons
 a - a +0 war axe (weapon)
Armour
 c - a +1 buckler (worn)
 f - a +0 chain mail (worn)
Jewellery
 g - the ring of Ynoufy (left hand) {Wiz rF++ Str+4}
   (You found it on level 2 of the Dungeon)

   [ring of wizardry]

   It improves your spell success rate.
   Str:       It affects your strength (+4).
   rF:        It greatly protects you from fire.
 i - a ring of poison resistance (right hand)
 o - a ring of fire
Scrolls
 k - a scroll of teleportation
 m - a scroll of torment {unknown}
Potions
 b - a potion of lignification {unknown}
 d - 2 potions of might
 e - 3 potions of haste
 h - 2 potions of resistance
 j - a potion of cancellation {unknown}
 l - a potion of brilliance {unknown}
 p - a potion of curing {unknown}


   Skills:
 * Level 3.0 Fighting
 * Level 3.6 Axes
 * Level 3.9 Armour
 * Level 1.5 Dodging
 * Level 3.7 Shields
 * Level 0.9 Spellcasting
 * Level 1.0 Necromancy
 * Level 1.3 Invocations


You had 5 spell levels left.
You didn't know any spells.
Your spell library was empty.

Dungeon Overview and Level Annotations

Branches:
Dungeon (4/15)             Temple (1/1) D:4

Altars:
Elyvilon
Gozag
Hepliaklqana
Kikubaaqudgha
Nemelex Xobeh
Qazlal
Ru
Sif Muna
Trog
Uskayaw
Vehumet
Xom
The Shining One

Shops:
D:3 (


Innate Abilities, Weirdness & Mutations

You are resistant to damage.
You can heal yourself by infusing magical energy.
You passively map a small area around you.
You do not regenerate.


Message History

The gnoll hits you but does no damage.
An iguana comes into view.
The gnoll hits you with a +0 halberd.
The iguana hisses angrily.
You hit the gnoll.
The gnoll is severely wounded.
The gnoll hits you with a +0 halberd.
* * * LOW HITPOINT WARNING * * *
You hit the gnoll but do no damage.
The gnoll is severely wounded.
The gnoll barely misses you. The gnoll hits you with a +0 halberd.
You barely miss the gnoll.
The gnoll is severely wounded.
The gnoll hits you with a +0 halberd.
* * * LOW HITPOINT WARNING * * *
Unknown command.
You feel much better. The gnoll hits you with a +0 halberd!
Unknown command.
You closely miss the gnoll.
The gnoll is severely wounded.
The gnoll hits you with a +0 halberd.
You hit the gnoll.
The gnoll is almost dead.
The gnoll hits you with a +0 halberd!
You closely miss the gnoll.
The gnoll is almost dead.
The gnoll hits you with a +0 halberd!
* * * LOW HITPOINT WARNING * * *
The gnoll hits you but does no damage.
You hit the gnoll.
You kill the gnoll!
The gnoll throws a throwing net.
The throwing net hits you.
You become entangled in the net!
You tear a large gash into the net.
Unknown command.
You struggle against the net.
The gnoll hits you from afar with a +0 spear.
* * * LOW HITPOINT WARNING * * *
The gnoll hits you with a +0 flail!
You die...

* * * * ,* *
*, , ,, *
##############
*
#.....@ggl....
#.############
#.# #.# #.# ##
#.# .. #.# ##
#.# #†#


You could see an iguana and 2 gnolls.

Vanquished Creatures
  2 hounds (D:4)
  2 gnolls (D:4)
  3 adders
  An orc (D:3)
  6 endoplasms
  A giant cockroach (D:2)
  4 goblins
  3 hobgoblins
  2 jackals (D:1)
  7 kobolds
  5 ball pythons
  6 bats
  2 frilled lizards
  6 rats
50 creatures vanquished.

Notes
Turn   | Place    | Note
-------+----------+-------------------------------------------
     0 | D:1      | Antichthon the Deep Dwarf Fighter began the quest for the
                  | Orb.
     0 | D:1      | Reached XP level 1. HP: 20/20 MP: 1/1
   269 | D:1      | Reached XP level 2. HP: 17/27 MP: 2/2
   743 | D:2      | Reached XP level 3. HP: 20/33 MP: 3/3
   847 | D:2      | Identified the ring of Ynoufy {Wiz rF++ Str+4}
  1083 | D:2      | Found a faded altar of an unknown god.
  1153 | D:2      | Reached skill level 1 in Dodging
  1563 | D:3      | Reached XP level 4. HP: 20/40 MP: 4/4
  1601 | D:3      | Found an ancient bone altar of Kikubaaqudgha.
  1710 | D:3      | Found Lycren's Antique Weapon Emporium.
  2089 | D:4      | Found a staircase to the Ecumenical Temple.
  2103 | D:4      | Reached skill level 1 in Invocations
  2107 | Temple   | Entered the Ecumenical Temple
  2201 | D:4      | Reached skill level 1 in Necromancy
  2294 | D:4      | Reached XP level 5. HP: 18/49 MP: 6/6
  2307 | D:4      | Slain by a gnoll

Illustrated notes

Levels and vault maps discovered:
D:1:      lightli_arrival_flooded_house, layout_basic
D:2:      layout_basic, ebering_ecumenical_altar_hall
D:3:      layout_loops_ring, mainiacjoe_overflow_alcove_2, serial_shops,
          nicolae_square_shop
D:4:      layout_basic, lemuel_crystal_altar, temple_fountains, uniq_eustachio,
          uniq_grinder, uniq_ijyb, uniq_pikel
Temple:   nicolae_temple_no_exploring_needed

Skill      XL: |  1  2  3  4 |
---------------+-------------+-----
Dodging        | 1 |  1.5
Axes           | 3 |  3.6
Fighting       | 3 |  3.0
Invocations    | 1 |  1.3
Necromancy     | 1 |  1.0
Armour         | |  3.9
Shields        | |  3.7
Spellcasting   | |  0.9

Action                   |  1- 3 |  4- 6 || total
-------------------------+-------+-------++-------
Melee: War axe           |   114 |    59 ||   173
 Abil: Heal Wounds       |       |     2 ||     2
  Use: Scroll            |     8 |     2 ||    10
Armor: Chain mail        |    95 |    36 ||   131
       Scale mail        |     2 |       ||     2
Dodge: Dodged            |    59 |    27 ||    86
Block: Buckler           |    37 |    24 ||    61

Table legend: (Time is in decaauts)
 A = Elapsed time spent in this place.
 B = Non-inter-level travel time spent in this place.
 C = Inter-level travel time spent in this place.
 D = Time resting spent in this place.
 E = Time spent auto-exploring this place.
 F = Levels seen in this place.
 G = Mean time per level.
                   A        B        C        D        E       F      G
               +--------+--------+--------+--------+--------+-----+--------+
         Total |   2377 |   2317 |     60 |      0 |   1703 |   5 |  475.4 |
       Dungeon |   2375 |   2315 |     60 |      0 |   1703 |   4 |  593.8 |
        Temple |      1 |      1 |      0 |      0 |      0 |   1 |    1.0 |
               +--------+--------+--------+--------+--------+-----+--------+

Top non-repeatable levels by time:
     D:2: 762 daAuts
     D:3: 696 daAuts
     D:1: 684 daAuts
     D:4: 232 daAuts
  Temple: 1 daAuts
